 Dungeon Crawl Stone Soup version 0.31-a0-180-g519b7de00c (webtiles) character file.

Game seed: 612396241494853658

49 qw the Chopper (level 3, 0/23 HPs)
             Began as a Gargoyle Fighter on June 20, 2023.
             Slain by a gnoll
             ... wielding a +0 spear
              (4 damage)
             ... on level 2 of the Dungeon.
             The game lasted 00:00:35 (784 turns).

qw the Chopper (Gargoyle Fighter)                    Turns: 784, Time: 00:00:36

Health: 0/23       AC: 13    Str: 21    XL:     3   Next: 77%
Magic:  3/3        EV:  7    Int:  8    God:
Gold:   76         SH:  4    Dex:  9    Spells: 2/2 levels left

rFire   . . .        Y - +0 war axe
rCold   . . .        c - +0 buckler
rNeg    + . .        h - +0 chain mail
rPois   inf          (no helmet)
rElec   +            (no cloak)
rCorr   .            j - +0 pair of gloves
SInv    .            (no boots)
Will    .....        (no amulet) Stlth
                     (no ring)
HPRegen 0.23/turn    (no ring)
MPRegen 0.08/turn

%: no passive effects
@: no status effects
A: sickness immunity, AC +3, negative energy resistance 1, electricity
resistance, torment resistance 1, petrification resistance
a: no special abilities


You were on level 2 of the Dungeon.
You visited 1 branch of the dungeon, and saw 2 of its levels.

You collected 76 gold pieces.


Innate Abilities, Weirdness & Mutations

You are immune to sickness and miasma.
Your stone body is resilient. (AC +3)
You are immune to poison.
You resist negative energy. (rN+)
You are resistant to electric shocks. (rElec)
You are resistant to unholy torment.
You are immune to petrification.


   Skills:
 - Level 3.2 Fighting
 + Level 3.6 Axes
 - Level 3.2 Armour
 - Level 3.2 Shields


You had 2 spell levels left.
You didn't know any spells.
Your spell library was empty.

Inventory:

Hand Weapons
 f - a +0 whip
 Y - a +0 war axe (weapon)
Armour
 c - a +0 buckler (worn)
 h - a +0 chain mail (worn)
 j - a +0 pair of gloves (worn)
Scrolls
 a - a scroll of amnesia {unknown}
 b - a scroll of brand weapon {unknown}
Potions
 d - a potion of might
 e - a potion of ambrosia {unknown}
 g - a potion of mutation {unknown}

Dungeon Overview and Level Annotations

Branches:
Dungeon (2/15)

Altars:


Message History

Where to? (* - list waypoints, ? - help)
What level of the Dungeon? (default 1, ? - help)
There is a stone staircase leading down here.
You climb downwards.
Found a scroll labelled LEGGUPA JYUST.
There is a stone staircase leading up here.
Waypoint 1 assigned to D:2.
a - a scroll labelled LEGGUPA JYUST
Found a book of Transfigurations.
b - a scroll labelled OMAWKI YSOORIM A gnoll comes into view.
It is wielding a +0 spear.
The gnoll shouts!
The gnoll moves out of view.
A gnoll comes into view. It is wielding a +0 flail.
The gnoll shouts!
773 ||| Stepping ~*~*~tactically~*~*~ (hiding).
You start waiting.
A gnoll is nearby!
A gnoll comes into view. It is wielding a +0 spear.
The gnoll shouts!
The gnoll hits you but does no damage. x2
You hit the gnoll.
The gnoll is lightly wounded.
The gnoll closely misses you. You block the gnoll's attack.
You slash the gnoll!
The gnoll is almost dead.
The gnoll hits you from afar with a +0 spear.
The gnoll hits you with a +0 flail.
You hit the gnoll.
You kill the gnoll!
The gnoll hits you from afar with a +0 spear.
The gnoll hits you but does no damage. The gnoll hits you but does no damage.
The gnoll hits you with a +0 spear!
A gnoll comes into view. It is wielding a +0 club.
You see here a +0 flail.
You slash the gnoll!
The gnoll is severely wounded.
The gnoll hits you with a +0 spear.
The gnoll hits you from afar with a +0 spear.
You die...

........ ......
...... ..... ...#
#.## .
#######..#######g...
............@gg.....
...:....#...###.....
........##...# ...
........##.#.# #
........##.#..#
........##.##...
........+..# ##.#
........#######.#
.....#.#.........


You could see 3 gnolls.

Vanquished Creatures
  A gnoll (D:2)
  A dart slug (D:1)
  5 bats (D:1)
  4 endoplasms (D:1)
  2 goblins (D:1)
  5 hobgoblins (D:1)
  4 quokkas (D:1)
  A ball python (D:1)
  A frilled lizard (D:1)
  6 kobolds (D:1)
  6 rats (D:1)
36 creatures vanquished.

Notes
Turn   | Place    | Note
-------+----------+-------------------------------------------
     0 | D:1      | qw the Gargoyle Fighter began the quest for the Orb.
     0 | D:1      | Reached XP level 1. HP: 14/14 MP: 1/1
     0 | D:1      | 0 ||| qw: Version: 0.3-a-9-g12657ce
     0 | D:1      | 0 ||| qw: Game counter: 1177
     0 | D:1      | 0 ||| qw: Always use a shield: true
     0 | D:1      | 0 ||| qw: God list: Okawaru
     0 | D:1      | 0 ||| qw: Allow faded altars: false
     0 | D:1      | 0 ||| qw: Do Orc after D:15 true
     0 | D:1      | 0 ||| qw: Do second Lair branch before Depths: true
     0 | D:1      | 0 ||| qw: Lair rune preference: random
     0 | D:1      | 0 ||| qw: Plans: Normal, Zot:1-4, Slime:5, God:TSO, Crypt,
                  | Tomb, Abyss, Pan, Hells, Win
     0 | D:1      | 0 ||| PLANNING D:1-11
    93 | D:1      | Reached XP level 2. HP: 16/19 MP: 2/2
   156 | D:1      | 156 ||| Stepping ~*~*~tactically~*~*~ (stealth).
   157 | D:1      | 157 ||| Stepping ~*~*~tactically~*~*~ (hiding).
   198 | D:1      | Reached skill level 3 in Axes
   204 | D:1      | Reached XP level 3. HP: 23/23 MP: 3/3
   427 | D:1      | 427 ||| Stepping ~*~*~tactically~*~*~ (stealth).
   715 | D:1      | 715 ||| UPGRADING to +0 chain mail.
   725 | D:1      | 725 ||| DROPPING +0 scale mail.
   726 | D:1      | 726 ||| UPGRADING to +0 pair of gloves.
   731 | D:1      | 731 ||| READING scroll labelled AFUFEL VUHEAPLOFO.
   773 | D:2      | 773 ||| Stepping ~*~*~tactically~*~*~ (hiding).
   784 | D:2      | HP: 4/23 [gnoll/+0 spear (4)]
   784 | D:2      | Slain by a gnoll

Levels and vault maps discovered:
D:1:      onia_arrival_handbag, layout_rooms, grunt_decor_clamped,
          minmay_distorted
D:2:      layout_basic, chequers_ecumenical_altar_simple, basic_altar,
          serial_shops, shop, minmay_door_square, minmay_pentomino_q2

Skill      XL: |  1  2 |
---------------+-------+-----
Axes           | 2 3 |  3.6
Fighting       | |  3.2
Armour         | |  3.2
Shields        | |  3.2

Action                     || total
---------------------------++-------
  Melee: War axe           ||    98
    Use: Scroll            ||     1
 Armour: Scale mail        ||    60
         Chain mail        ||     4
  Dodge: Dodged            ||    52
  Block: Buckler           ||    18

Table legend:
 A = Non-vault XP
 B = Vault XP
 C = Vault XP percentage of total XP
 D = Non-vault monster count
 E = Vault monster count
 F = Vault count percentage of total count
                 A         B        C        D         E       F
            +---------+---------+-------+---------+---------+-------
      Total |      65 |       6 |   8.5 |      31 |       5 |  13.9
            +---------+---------+-------+---------+---------+-------
        D:1 |      51 |       6 |  10.5 |      30 |       5 |  14.3
        D:2 |      14 |       0 |   0.0 |       1 |       0 |   0.0
            +---------+---------+-------+---------+---------+-------
